 Dungeon Crawl Stone Soup version 0.24-a0-201-gf2055891f0 (webtiles) character file.

Game seed: 5330580054926732896

148212 MrRokkomies the Deadly Accurate (level 17, -2/184 HPs)
             Began as an Ogre Hunter on Mar 22, 2019.
             Was the Champion of Okawaru.
             Slain by a shambling mangrove (11 damage)
             ... on level 4 of the Swamp.
             The game lasted 01:47:06 (44674 turns).

MrRokkomies the Deadly Accurate (Ogre Hunter)      Turns: 44674, Time: 01:47:07

Health: -2/184     AC: 11    Str: 20    XL:     17   Next: 18%
Magic:  0/23       EV: 13    Int: 12    God:    Okawaru [******]
Gold:   1363       SH: 11    Dex: 14    Spells: 16/16 levels left

rFire    + . .     SeeInvis .   a - +5 demon trident (flame)
rCold    + . .     Gourm    .   g - +0 shield
rNeg     . . .     Faith    .   i - +2 robe {rC+ rF+}
rPois    +         Spirit   +   G - +2 hat
rElec    .         Reflect  .   c - scarf {repulsion}
rCorr    .         Harm     .   (gloves unavailable)
MR       +....                  (boots unavailable)
Stlth    +.........             C - amulet of guardian spirit
HPRegen  0.40/turn              j - +4 ring of protection
MPRegen  0.18/turn              r - ring of Xummuf {rPois Stlth-}

@: grasped by roots, constricted, repel missiles
A: large, unfitting armour, mutation resistance 1, tough skin 1
}: 1/15 runes: decaying
a: Heroism, Finesse, Renounce Religion


You were on level 4 of the Swamp.
You worshipped Okawaru.
Okawaru was exalted by your worship.
You were not hungry.

You visited 5 branches of the dungeon, and saw 28 of its levels.
You also visited: Sewer, Gauntlet and Ice Cave.

You collected 2651 gold pieces.
You spent 1288 gold pieces at shops.

Inventory:

Hand Weapons
 a - a +5 demon trident of flaming (weapon)
 b - a +0 blowgun
Missiles
 d - a throwing net (quivered)
 D - 25 needles of confusion
 E - 3 curare-tipped needles
 S - 8 javelins of penetration
 Y - 3 javelins
Armour
 c - a scarf of repulsion (worn)
 e - a scarf of cloud immunity
 g - a +0 shield (worn)
 i - a +2 robe of resistance (worn)
 k - the +1 robe of Impressiveness {rC++}
   (Okawaru gifted it to you on level 3 of the Swamp)

   It greatly protects you from cold.
 G - a +2 hat (worn)
Jewellery
 j - a +4 ring of protection (left hand)
 r - the ring of Xummuf (right hand) {rPois Stlth-}
   (You took it off a minotaur in a Gauntlet)

   [ring of attention]

   It protects you from poison.
   It makes you less stealthy.
 s - a +1 ring of slaying
 C - an amulet of guardian spirit (around neck)
 F - an uncursed ring of protection from magic
 K - a cursed ring of see invisible
 U - an uncursed ring of positive energy
 V - an uncursed ring of protection from fire
Wands
 n - a wand of flame (55)
 q - a wand of enslavement (11)
 A - a wand of iceblast (16)
 H - a wand of acid (23)
 I - a wand of digging (16)
 L - a wand of paralysis (34)
 N - a wand of polymorph (14)
 O - a wand of disintegration (14)
Scrolls
 t - 3 scrolls of enchant armour
 v - 6 scrolls of magic mapping
 w - a scroll of teleportation
 x - 3 scrolls of fog
 y - 18 scrolls of remove curse
 T - 2 scrolls of immolation
 X - 6 scrolls of identify
Potions
 h - 6 potions of might
 l - 4 potions of flight
 m - 2 potions of resistance
 o - a potion of magic
 u - 8 potions of brilliance
 z - a potion of agility
 P - 2 potions of lignification
 Q - 6 potions of curing
 R - a potion of invisibility
 W - 3 potions of haste
 Z - a potion of ambrosia
Miscellaneous
 p - a lamp of fire
Comestibles
 f - 19 rations


   Skills:
 * Level 15.3 Fighting
 - Level 14.0 Polearms
 - Level 16.0 Throwing
 - Level 10.6 Dodging
 - Level 0.6 Stealth
 - Level 9.0 Shields
 - Level 8.0 Invocations
 * Level 6.9 Evocations


You had 16 spell levels left.
You didn't know any spells.
Your spell library contained the following spells:

 Spells                   Type           Power        Failure   Level  Hunger
 Corona                   Hex            #......      32%         1    ##.....
 Magic Dart               Conj           #...         32%         1    ##.....
 Sandblast                Erth           #.....       32%         1    ##.....
 Sting                    Conj/Pois      #...         32%         1    ##.....
 Call Imp                 Summ           #.......     45%         2    ###....
 Ensorcelled Hibernation  Hex/Ice        #.....       45%         2    ###....
 Passwall                 Tmut/Erth      #.......     45%         2    ###....
 Poisonous Vapours        Pois/Air       #.....       45%         2    ###....
 Searing Ray              Conj           #.....       45%         2    ###....
 Slow                     Hex            #.......     45%         2    ###....
 Confuse                  Hex            #.......     69%         3    ####...
 Dazzling Spray           Conj/Hex       #.....       69%         3    ####...
 Inner Flame              Hex/Fire       #.......     69%         3    ####...
 Mephitic Cloud           Conj/Pois/Air  #.......     69%         3    ####...
 Portal Projectile        Hex/Tloc       #.....       69%         3    ####...
 Stone Arrow              Conj/Erth      #.....       69%         3    ####...
 Tukima's Dance           Hex            #.......     69%         3    ####...
 Cause Fear               Hex            #.........   97%         4    #####..
 Force Lance              Conj/Tloc      #.......     97%         4    #####..
 Fulminant Prism          Conj/Hex       #.........   97%         4    #####..
 Iskenderun's Mystic Bla  Conj           #.......     97%         4    #####..
 Leda's Liquefaction      Hex/Erth       #.........   97%         4    #####..
 Olgreb's Toxic Radiance  Pois           #.......     97%         4    #####..
 Petrify                  Tmut/Erth      #.......     97%         4    #####..
 Summon Lightning Spire   Summ/Air       #.......     97%         4    #####..
 Bolt of Magma            Conj/Fire/Erth #.........   100%        5    ######.
 Irradiate                Conj/Tmut      #.........   100%        5    ######.
 Iskenderun's Battlesphe  Conj/Chrm      #.......     100%        5    ######.
 Lee's Rapid Deconstruct  Erth           #.........   100%        5    ######.
 Venom Bolt               Conj/Pois      #.........   100%        5    ######.
 Hydra Form               Tmut           #.........   100%        6    #######
 Iron Shot                Conj/Erth      #.........   100%        6    #######
 Statue Form              Tmut/Erth      #........    100%        6    #######
 Dragon Form              Tmut           #.........   100%        7    #######
 Orb of Destruction       Conj           #.........   100%        7    #######
 Spellforged Servitor     Conj/Summ      #.........   100%        7    #######


Dungeon Overview and Level Annotations

Branches:
Dungeon (15/15)            Temple (1/1) D:4            Lair (6/6) D:8
  Swamp (4/4) Lair:4       Spider (0/4) Lair:3        Slime (0/5) Lair:5
    Orc (2/2) D:12            Elf (0/3) Orc:2        Vaults (0/5) D:13
 Depths (0/5) D:15

Altars:
Ashenzari
Cheibriados
Dithmenos
Elyvilon
Fedhas
Kikubaaqudgha
Makhleb
Nemelex Xobeh
Okawaru
Qazlal
Sif Muna
Trog
Vehumet
Wu Jian
Yredelemnul
The Shining One
Beogh
Jiyva

Shops:
D:4 [   D:6 }   D:11 %   Orc:1 }*(   Orc:2 ?(:=

Portals:
Trove: D:10 (show slimy rune of Zot)

Annotations:
D:7 exclusion: oklob plant
D:15 1 runed translucent door
Lair:5 3 runed translucent doors, Fafec's ghost, journeyman HaHu; Meonost's ghost, journeyman FoFi; Uhin Nir's ghost, journeyman MiBe


Innate Abilities, Weirdness & Mutations

You are too large for most types of armour.
You have tough skin. (AC +1)
You are somewhat resistant to further mutation.


Message History

The alligator is almost dead.
The alligator struggles against the net.
You catch the helpless alligator completely off-guard!
You hit the alligator. You burn the alligator.
You kill the alligator!
Okawaru accepts your kill.
Throwing (i - inventory. (/) - cycle)
J - a large rock (quivered)
Press: ? - help, Shift-Dir - straight line, f - shambling mangrove
Aim: a shambling mangrove (thin mist, severely damaged)
You throw a large rock.
The large rock hits the shambling mangrove!
The shambling mangrove is almost destroyed.
You hear a splash.
A spiny frog comes into view.
Roots burst forth from the earth!
The grasping roots grab you!
* * * LOW HITPOINT WARNING * * *
The grasping roots constrict you.
The roots' grasp on you weakens, but your attempt to escape fails.
You die...

≈§≈7≈(.77 77≈(.
≈≈≈.§≈.≈777≈(§7777777.(.
≈≈≈.≈≈§..777(f....≈.≈7≈7
≈...≈≈§≈.≈≈y7..≈≈≈§777.
. 7$≈..≈≈≈≈.≈ .≈≈≈≈≈≈...
.≈7≈...≈≈≈.7 ≈≈≈≈≈≈≈≈..
77≈.$≈≈≈≈≈.7 .≈≈≈≈≈≈..)
7...≈≈≈§≈≈7 ..≈§≈≈.7≈.
7.≈≈≈≈≈@≈7 .≈≈≈§≈7777
77.≈≈≈.(.7 .≈≈≈≈≈ 77
77...≈≈≈7 ≈≈≈≈.7 77≈
7≈≈≈≈F≈7 ≈≈≈.≈ 77≈≈
≈≈≈.≈≈≈..7 .≈≈77 7≈.≈
≈≈≈≈....≈7


777 7..≈ ≈≈≈.7§≈≈≈. 77777≈. ≈.777.§≈≈. 7..≈≈§. ≈7 .≈≈≈.≈7 7..≈≈≈§ You could see
a shambling mangrove, a spiny frog and a hornet.

Vanquished Creatures
  Nikola (Swamp:2)
  2 thorn hunters (Swamp:4)
  A frost giant (IceCv)
  An orc warlord (Orc:1)
  Nessos (D:13)
  A minotaur (Gauntlet)
  Snorg (D:11)
  An ettin (D:15)
  Erolcha (D:10)
  21 hydras
  A rakshasa (D:14)
  5 centaur warriors
  Erica (D:9)
  4 shambling mangroves
  A ghost crab (Swamp:1)
  A merfolk avatar (Lair:6)
  2 two-headed ogres (D:9)
  A death knight (D:15)
  11 alligators
  An ogre mage (D:15)
  A tengu warrior (D:15)
  6 death yaks (Lair:6)
  3 orc high priests (Orc:2)
  10 skeletal warriors
  Nergalle (Orc:1)
  2 deep elf knights
  An unseen horror (D:12)
  A deep troll (D:15)
  2 sea snakes (Lair:6)
  9 swamp dragons
  5 orc knights
  3 orc sorcerers (Orc:2)
  2 deep elf magi (D:13)
  2 cyclopes
  4 oklob plants (Lair:3)
  3 manticores
  An ugly thing (D:11)
  10 elephants
  An ice statue (IceCv)
  3 black mambas
  A black mamba (shapeshifter) (D:15)
  25 spiny frogs
  3 kobold demonologists
  A gargoyle (D:11)
  3 rime drakes
  2 yaktaurs (D:15)
  4 komodo dragons
  A freezing wraith (D:14)
  A troll (D:11)
  3 meliai (Gauntlet)
  22 polar bears
  13 tyrant leeches
  10 hornets
  8 blink frogs
  7 dream sheep (Lair:6)
  12 hippogriffs
  A shadow (Swamp:4)
  Sigmund (D:2)
  2 spriggans
  2 redbacks (Lair:3)
  4 wyverns
  2 wraiths
  52 yaks
  A water elemental (D:14)
  4 basilisks
  4 hogs (D:8)
  3 hungry ghosts
  9 vampire mosquitoes
  A human (D:8)
  10 swamp worms
  An acid dragon (D:9)
  6 wargs
  9 insubstantial wisps (Swamp:1)
  12 water moccasins
  25 orc warriors
  11 porcupines
  2 sky beasts
  10 ice beasts
  9 swamp drakes
  5 black bears
  6 ogres
  A boggart (D:13)
  14 wolves
  2 centaurs
  19 crocodiles
  Blork the orc (D:6)
  7 big kobolds
  A wyvern zombie (D:13)
  21 bullfrogs
  2 wyvern skeletons (D:7)
  A scorpion (D:6)
  13 killer bees
  A howler monkey (D:10)
  9 wights
  8 electric eels
  2 centaur zombies
  6 crimson imps
  3 bullfrog zombies
  4 hounds
  7 jellies
  22 orc priests
  4 bullfrog skeletons
  8 centaur skeletons
  4 iguanas
  30 orc wizards
  7 worker ants
  5 hell rats (Lair:3)
  2 hound zombies
  2 worker ant zombies
  15 adders
  4 gnolls (D:3)
  A howler monkey skeleton (D:9)
  A river rat (D:3)
  3 shadow imps
  4 oozes
  An adder zombie (D:7)
  2 adder skeletons
  4 worms
  4 dart slugs
  5 leopard geckos
  82 orcs
  4 ball pythons
  8 giant cockroaches
  7 goblins
  2 hobgoblins (D:1)
  14 jackals
  2 quokkas
  14 bats
  7 frilled lizards
  A jackal skeleton (D:6)
  28 kobolds
  2 leopard gecko skeletons
  A leopard gecko zombie (D:6)
  5 rats
  A fungus (Lair:5)
  3 plants
868 creatures vanquished.

Vanquished Creatures (others)
  An alligator (Swamp:2)
  A spiny frog (Swamp:1)
  An orc warrior (D:15)
  An orc (Orc:2)
  59 fungi
  37 plants
100 creatures vanquished.

Grand Total: 968 creatures vanquished

Notes
Turn   | Place    | Note
-------+----------+-------------------------------------------
     0 | D:1      | MrRokkomies the Ogre Hunter began the quest for the Orb.
     0 | D:1      | Reached XP level 1. HP: 22/22 MP: 1/1
   266 | D:1      | Reached XP level 2. HP: 15/31 MP: 2/2
  1068 | D:2      | Reached XP level 3. HP: 24/39 MP: 3/3
  1414 | D:2      | Noticed Sigmund
  1416 | D:2      | Killed Sigmund
  1416 | D:2      | Reached skill level 5 in Fighting
  1416 | D:2      | Reached skill level 5 in Throwing
  1416 | D:2      | Reached XP level 4. HP: 52/52 MP: 4/4
  1416 | D:2      | Reached XP level 5. HP: 59/59 MP: 5/5
  1925 | D:2      | Found a burning altar of Makhleb.
  1930 | D:2      | Reached XP level 6. HP: 60/67 MP: 6/6
  2106 | D:3      | Found an ornate altar of the Wu Jian Council.
  2140 | D:3      | Found a glowing drain.
  2168 | Sewer    | Entered a sewer
  2923 | Sewer    | Reached skill level 6 in Throwing
  3687 | D:4      | Found Dyigy's Antique Armour Emporium.
  3698 | D:4      | Bought a glowing robe for 66 gold pieces
  3752 | D:4      | Reached XP level 7. HP: 60/78 MP: 7/7
  4174 | D:4      | Reached skill level 7 in Throwing
  4369 | D:4      | Found a staircase to the Ecumenical Temple.
  4375 | Temple   | Entered the Ecumenical Temple
  4389 | Temple   | Became a worshipper of Warmaster Okawaru
  4633 | D:4      | Found a radiant altar of Vehumet.
  4816 | D:5      | Entered Level 5 of the Dungeon
  5121 | D:5      | Reached XP level 8. HP: 30/89 MP: 8/8
  6161 | D:6      | Reached skill level 8 in Throwing
  6277 | D:7      | Reached * piety under Okawaru
  6700 | D:6      | Found Tiujare's Gadget Boutique.
  6723 | D:5      | Reached skill level 10 in Fighting
  7236 | D:6      | Reached XP level 9. HP: 101/101 MP: 9/9
  7342 | D:6      | Found a shadowy altar of Dithmenos.
  7477 | D:6      | Noticed Blork the orc
  7479 | D:6      | Killed Blork the orc
  7479 | D:6      | Reached skill level 9 in Throwing
  8229 | D:7      | Reached ** piety under Okawaru
  8836 | D:7      | Found a blossoming altar of Fedhas.
  8860 | D:7      | Noticed an oklob plant
  9422 | D:8      | Reached skill level 5 in Dodging
  9428 | D:8      | Found an ancient bone altar of Kikubaaqudgha.
  9453 | D:8      | Reached skill level 10 in Throwing
  9766 | D:8      | Found a deep blue altar of Sif Muna.
 10196 | D:8      | Reached *** piety under Okawaru
 10196 | D:8      | Reached XP level 10. HP: 104/110 MP: 10/10
 10209 | D:8      | Found a staircase to the Lair.
 10482 | D:8      | Reached skill level 11 in Throwing
 10761 | D:8      | Reached **** piety under Okawaru
 10854 | Lair:1   | Entered Level 1 of the Lair of Beasts
 10860 | Lair:1   | Noticed a spiny frog
 10865 | Lair:1   | Killed a spiny frog
 10865 | Lair:1   | Received a gift from Okawaru
 10950 | D:8      | Received a gift from Okawaru
 11556 | Lair:1   | Received a gift from Okawaru
 11567 | Lair:1   | Reached skill level 12 in Throwing
 11567 | Lair:1   | Reached XP level 11. HP: 72/117 MP: 9/11
 11833 | Lair:1   | Reached ***** piety under Okawaru
 12801 | Lair:1   | Noticed a five-headed hydra
 12803 | Lair:1   | Killed a five-headed hydra
 12803 | Lair:1   | Received a gift from Okawaru
 12836 | Lair:1   | Received a gift from Okawaru
 13369 | Lair:2   | Received a gift from Okawaru
 13372 | Lair:2   | Reached skill level 13 in Throwing
 13381 | Lair:2   | Reached skill level 1 in Invocations
 13382 | Lair:2   | Got spiked ice dragon scales {god gift}
 13393 | Lair:2   | Identified the +0 ice dragon scales of Ponod {-Cast rElec
                  | rF- rC++ MR+++ Str-4} (Okawaru gifted it to you on level 2
                  | of the Lair of Beasts)
 13717 | Lair:2   | Reached skill level 10 in Dodging
 14005 | Lair:2   | You fall through a shaft!
 14337 | Lair:3   | Noticed an oklob plant
 14408 | Lair:3   | Noticed an oklob plant
 14408 | Lair:3   | Noticed an oklob plant
 14408 | Lair:3   | Noticed an oklob plant
 14445 | Lair:3   | Killed an oklob plant
 14604 | Lair:3   | Killed an oklob plant
 14604 | Lair:3   | Reached XP level 12. HP: 77/126 MP: 7/15
 15014 | Lair:3   | Reached skill level 5 in Invocations
 15022 | Lair:3   | Got a translucent silver ring
 15063 | Lair:3   | Identified the ring "Put-Me-On" {Ice *Slow Dex+8 SInv} (You
                  | found it on level 3 of the Lair of Beasts)
 15336 | Lair:2   | Reached skill level 1 in Polearms
 15938 | Lair:2   | Noticed a six-headed hydra
 15946 | Lair:2   | Killed a six-headed hydra
 16499 | Lair:3   | Received a gift from Okawaru
 17345 | Lair:3   | Received a gift from Okawaru
 17840 | Lair:3   | Reached skill level 5 in Polearms
 17856 | Lair:3   | Found a hole to the Spider Nest.
 18570 | Lair:4   | Found a staircase to the Swamp.
 18597 | Lair:4   | Reached skill level 1 in Shields
 19448 | Lair:5   | Found a runed translucent gate.
 19450 | Lair:5   | Found a runed translucent gate.
 19450 | Lair:5   | Found a runed translucent gate.
 19452 | Lair:5   | Noticed Meonost's ghost (journeyman FoFi)
 19452 | Lair:5   | Noticed Uhin Nir's ghost (journeyman MiBe)
 19452 | Lair:5   | Noticed Fafec's ghost (journeyman HaHu)
 19752 | Lair:5   | Reached XP level 13. HP: 114/133 MP: 12/19
 20189 | Lair:5   | Found a viscous altar of Jiyva.
 20189 | Lair:5   | Found a staircase to the Slime Pits.
 20658 | Lair:5   | Reached skill level 5 in Shields
 20822 | Lair:6   | Entered Level 6 of the Lair of Beasts
 20888 | Lair:6   | Found a frozen archway.
 21114 | IceCv    | Entered an ice cave
 21133 | IceCv    | Received a gift from Okawaru
 21139 | IceCv    | Got a blackened trident {god gift}
 21140 | IceCv    | Identified the +1 trident "Effosui" {drain, MR++ Str+3}
                  | (Okawaru gifted it to you in an ice cave)
 22239 | IceCv    | Noticed a frost giant
 22258 | IceCv    | Killed a frost giant
 22280 | IceCv    | Received a gift from Okawaru
 22663 | Lair:6   | Reached skill level 10 in Polearms
 22746 | Lair:6   | Reached XP level 14. HP: 143/143 MP: 11/20
 22875 | Lair:6   | Received a gift from Okawaru
 23864 | Lair:6   | Found the +5 pair of quick blades "Gyre" and "Gimble"
                  | {pierce, Dex-3}
 24113 | Lair:6   | HP: 5/143 [drowned by a drowned soul[a merfolk avatar]
                  | (11)]
 25026 | D:9      | Noticed Erica
 25049 | D:9      | Killed Erica
 26458 | D:10     | Entered Level 10 of the Dungeon
 26730 | D:10     | Noticed Erolcha
 26746 | D:10     | Killed Erolcha
 27041 | D:10     | Found a portal to a secret trove of treasure.
 27381 | D:11     | Noticed Snorg
 27393 | D:11     | Killed Snorg
 27411 | D:11     | Found Xuevvodd's Food Boutique.
 28195 | D:12     | Received a gift from Okawaru
 28742 | D:12     | Found an ancient bone altar of Kikubaaqudgha.
 28796 | D:12     | You fall through a shaft for 3 floors!
 28796 | D:15     | Entered Level 15 of the Dungeon
 28876 | D:14     | Found a gate leading to a gauntlet.
 28900 | Gauntlet | Entered a Gauntlet
 28900 | Gauntlet | Found a transporter.
 28900 | Gauntlet | Found a transporter.
 28901 | Gauntlet | Found a transporter.
 28904 | Gauntlet | Found a transporter.
 28904 | Gauntlet | Found a transporter.
 28904 | Gauntlet | Found a transporter.
 28955 | Gauntlet | Found a transporter.
 28957 | Gauntlet | Found a transporter.
 28973 | Gauntlet | Found a transporter.
 28993 | Gauntlet | Found a transporter.
 28997 | Gauntlet | Found a transporter.
 29000 | Gauntlet | Found a transporter.
 29565 | Gauntlet | Identified the ring of Xummuf {rPois Stlth-}
 29572 | Gauntlet | Reached XP level 15. HP: 86/149 MP: 12/21
 30010 | D:13     | Gained mutation: You are somewhat resistant to further
                  | mutation. [potion of mutation]
 30271 | D:12     | Found a staircase to the Orcish Mines.
 30558 | D:12     | Reached skill level 14 in Throwing
 30805 | Orc:1    | Entered Level 1 of the Orcish Mines
 30805 | Orc:1    | Found Loocito's Assorted Antiques.
 30839 | Orc:1    | Bought a scroll labeled INUP HEXOUFE for 29 gold pieces
 30839 | Orc:1    | Bought a potion of heal wounds for 145 gold pieces
 30910 | Orc:1    | Noticed Nergalle
 30917 | Orc:1    | Killed Nergalle
 30990 | Orc:1    | Found Joqouf's Gadget Shoppe.
 31016 | Orc:1    | Found Nily's Weapon Shop.
 31059 | Orc:1    | Noticed an orc warlord
 31134 | Orc:1    | Killed an orc warlord
 31215 | Orc:1    | Received a gift from Okawaru
 31226 | Orc:1    | Found a roughly hewn altar of Beogh.
 31422 | Orc:2    | Entered Level 2 of the Orcish Mines
 32020 | Orc:2    | Found a staircase to the Elven Halls.
 32061 | Orc:2    | Received a gift from Okawaru
 32478 | Orc:2    | Found Cyl Dyaw's Jewellery Shop.
 32478 | Orc:2    | Found Iziuwum's Magic Scroll Emporium.
 32481 | Orc:2    | Found Musowory's Book Shop.
 32481 | Orc:2    | Found Supraob's Antique Weapon Emporium.
 32488 | Orc:2    | Bought a cursed ring of see invisible for 168 gold pieces
 32488 | Orc:2    | Bought an uncursed ring of protection from fire for 350
                  | gold pieces
 32488 | Orc:2    | Bought an uncursed ring of protection from magic for 350
                  | gold pieces
 32499 | Orc:2    | Bought a scroll of enchant weapon for 90 gold pieces
 32499 | Orc:2    | Bought a scroll of enchant armour for 90 gold pieces
 32950 | D:13     | Noticed Nessos
 32959 | D:13     | Paralysed by Nessos for 2 turns
 32963 | D:13     | Killed Nessos
 33265 | D:13     | Received a gift from Okawaru
 33572 | D:13     | Found a gate to the Vaults.
 33587 | D:13     | Identified Sif Muna's Guide on the Helpful Entourage
 33961 | D:14     | Reached skill level 15 in Throwing
 36843 | D:15     | Reached XP level 16. HP: 162/162 MP: 22/22
 36853 | D:15     | Found a staircase to the Depths.
 37370 | D:15     | Found a runed translucent door.
 37454 | D:15     | Received a gift from Okawaru
 37757 | Swamp:1  | Entered Level 1 of the Swamp
 37976 | Swamp:1  | Reached skill level 16 in Throwing
 38274 | Swamp:1  | Received a gift from Okawaru
 38289 | Swamp:1  | Reached skill level 1 in Evocations
 38493 | Swamp:1  | Reached ****** piety under Okawaru
 39668 | Swamp:2  | Noticed Nikola
 39689 | Swamp:2  | Killed Nikola
 41039 | Swamp:3  | Found a radiant altar of Vehumet.
 41438 | Swamp:4  | Entered Level 4 of the Swamp
 42186 | Swamp:3  | HP: 6/171 [seven-headed hydra (14)]
 42188 | Swamp:3  | HP: 1/171 [seven-headed hydra (10)]
 42192 | Swamp:3  | Received a gift from Okawaru
 42192 | Swamp:3  | Reached skill level 5 in Evocations
 42720 | Swamp:3  | Received a gift from Okawaru
 42721 | Swamp:3  | Got a crude robe {god gift}
 42732 | Swamp:3  | Identified the +1 robe of Impressiveness {rC++} (Okawaru
                  | gifted it to you on level 3 of the Swamp)
 44175 | Swamp:4  | Reached XP level 17. HP: 126/182 MP: 18/23
 44541 | Swamp:4  | Got a decaying rune of Zot
 44569 | Swamp:4  | Reached skill level 15 in Fighting
 44657 | Swamp:4  | HP: 7/184 [shambling mangrove (4)]
 44673 | Swamp:4  | HP: 9/184 [shambling mangrove (3)]
 44674 | Swamp:4  | Slain by a shambling mangrove

Levels and vault maps discovered:
D:1:      roderic_crossed_star, layout_basic, st_stairs_8,
          hangedman_decor_opposing
D:2:      layout_basic, first_ration, minmay_misc_feat_chi, dk_noncrumbling_4,
          makhleb_blood_cavern_becter, uniq_sigmund
D:3:      layout_loops_ring, lemuel_doored_altar, cheibrodos_sewer_entry_sluice
D:4:      wad_woods_pond, layout_basic, kennysheep_mini_moat, temple_green,
          serial_shops, shop
D:5:      cheibrodos_quashed, layout_cave_pools, kennysheep_generic_room_13
D:6:      layout_cave_pools, serial_shops,
          nicolae_shop_temple_entry_statues_fountains, minmay_misc_feat_rows,
          nicolae_dithmenos_the_darkroom, uniq_blork_the_orc
D:7:      layout_loops_corners, tgw_fedhas
D:8:      layout_rooms, tgw_sif, due_lair_maze_entry_diamond, grunt_livestock,
          lemuel_tele_altar
D:9:      layout_layer_cave, uniq_erica
D:10:     layout_small_grid, nicolae_trove_entry_columns, uniq_erolcha
D:11:     layout_loops_ring, serial_shops, shop_statue, uniq_snorg
D:12:     layout_cave_pods, minmay_orc_entry_guard_dogs, basic_altar,
          lightli_fourway_metalbox
D:13:     layout_basic, hangedman_vaults_entry_quadrant_bands, uniq_nessos
D:14:     layout_basic, gauntlet_entry_generic, nicolae_two_hexagons
D:15:     hangedman_depths_entry_civil_slaughter, layout_basic,
          serial_bayou_shore_a, minmay_hidden_floor
Temple:   eino_narrow_crystal_temple
Lair:1:   statuecave_lemuel, layout_long_grid, wad_woods_river_01
Lair:2:   layout_roguey, nicolae_quartered_pool_medium
Lair:3:   layout_regular_city, spider_nest_entry_webs,
          minmay_lair_oklob_chamber, serial_bayou_shore_b
Lair:4:   layout_regular_city, minmay_swamp_entry_eels
Lair:5:   layout_hall_layers, slime_altar_1, gammafunk_ghost_cemetery,
          grunt_megastairs_1, infiniplex_staircase_pool, serial_bayou_shore_b
Lair:6:   gammafunk_lair_ancient_temple, layout_cave_pods,
          portal_ice_cave_entry_ice_beasts
Swamp:1:  layout_basic_swamp, nicolae_swamp_little_tower, swamp_pool1
Swamp:2:  layout_basic_swamp, evilmike_swamp_ruin_house_4, swamp_pool4,
          hangedman_swamp_wriggling, uniq_nikola
Swamp:3:  layout_basic_swamp, basic_altar, swamp_pool1
Swamp:4:  swamp, layout_basic_swamp, swamp_pool5
Orc:1:    layout_caves, serial_shops, shop, shop, nicolae_shop_trees,
          mines1_david, uniq_nergalle
Orc:2:    grunt_orc_tribal_feast, layout_caves
Sewer:    sewer_fruit_machine
IceCv:    ice_cave_small_giant
Gauntlet: gammafunk_gauntlet_hard_choice [gammafunk_gauntlet_arena_hedges,
          gammafunk_gauntlet_arena_split_diamond, nicolae_gauntlet_swirl,
          nicolae_gauntlet_arena_x, gammafunk_gauntlet_arena_teeth,
          nicolae_gauntlet_arena_grate_2, gauntlet_exit_spiral]

Skill      XL: |  1  2  3  4  5  6  7  8  9 10 11 12 13 14 15 16 17 |
---------------+----------------------------------------------------+-----
Fighting       | 3 5 6 7 8 10 11 14 15 | 15.3
Throwing       | 5 6 7 8 10 12 13 15 16 | 16.0
Dodging        | 2 6 8 10 | 10.6
Invocations    | 4 8 |  8.0
Polearms       | 6 10 12 14 | 14.0
Shields        | 3 7 9 |  9.0
Evocations     | 6 |  6.9
Stealth        | |  0.6

Action                   |  1- 3 |  4- 6 |  7- 9 | 10-12 | 13-15 | 16-18 || total
-------------------------+-------+-------+-------+-------+-------+-------++-------
Melee: Short sword       |   125 |     6 |       |       |       |       ||   131
       Scythe            |       |   140 |   383 |   251 |       |       ||   774
       Trident           |       |       |       |   429 |  1675 |       ||  2104
       Demon trident     |       |       |       |       |   505 |   534 ||  1039
Throw: Stone             |     7 |    47 |    85 |   279 |   152 |       ||   570
       Large rock        |     3 |     4 |    46 |    86 |   138 |    79 ||   356
       Throwing net      |       |       |     3 |       |     5 |     4 ||    12
       Javelin           |       |       |       |    13 |     6 |    31 ||    50
       Tomahawk          |       |       |       |       |    80 |    54 ||   134
Invok: Heroism           |       |       |       |       |     9 |     4 ||    13
       Finesse           |       |       |       |       |     7 |     3 ||    10
Evoke: Wand              |       |       |       |     1 |     3 |     2 ||     6
       Lamp of fire      |       |       |       |       |       |     1 ||     1
  Use: Scroll            |     4 |     7 |     5 |     6 |    22 |    15 ||    59
       Potion            |       |     1 |       |     2 |     6 |     7 ||    16
 Stab: Sleeping          |     1 |     8 |     7 |       |     2 |       ||    18
       Distracted        |       |     1 |       |       |       |       ||     1
       Confused          |       |       |       |       |       |     8 ||     8
       Held in net/web   |       |       |       |       |       |     4 ||     4
  Eat: Chunk             |     2 |     8 |    11 |    19 |    42 |     6 ||    88
       Ration            |       |       |     6 |     5 |     4 |     6 ||    21
Armor: Robe              |    39 |   112 |   299 |   210 |   164 |    81 ||   905
       Ice dragon scales |       |       |       |   284 |   490 |       ||   774
Dodge: Dodged            |    66 |   118 |   370 |   535 |   871 |   289 ||  2249
       Deflected         |       |       |       |       |    42 |    15 ||    57
Block: Shield            |       |       |       |    76 |   934 |   228 ||  1238

Table legend:
 A = Non-vault XP
 B = Vault XP
 C = Vault XP percentage of total XP
 D = Non-vault monster count
 E = Vault monster count
 F = Vault count percentage of total count
                 A         B        C        D         E       F
            +---------+---------+-------+---------+---------+-------
      Total |  111855 |   81305 |  42.1 |     620 |     246 |  28.4
            +---------+---------+-------+---------+---------+-------
        D:1 |      29 |       2 |   6.5 |      15 |       1 |   6.2
        D:2 |      56 |     262 |  82.4 |      18 |       2 |  10.0
        D:3 |      74 |      20 |  21.3 |      13 |       3 |  18.8
        D:4 |     466 |       3 |   0.6 |      29 |       1 |   3.3
        D:5 |     409 |       0 |   0.0 |      15 |       0 |   0.0
        D:6 |     846 |      99 |  10.5 |      31 |       1 |   3.1
        D:7 |    1355 |       0 |   0.0 |      28 |       0 |   0.0
        D:8 |     566 |    3024 |  84.2 |       9 |      20 |  69.0
        D:9 |    3610 |     960 |  21.0 |      38 |       1 |   2.6
       D:10 |    1247 |    1014 |  44.8 |      32 |       1 |   3.0
       D:11 |    4351 |    1241 |  22.2 |      39 |       1 |   2.5
       D:12 |    1646 |    1743 |  51.4 |       7 |       7 |  50.0
       D:13 |    2498 |    6149 |  71.1 |      14 |      19 |  57.6
       D:14 |    7140 |       0 |   0.0 |      18 |       0 |   0.0
       D:15 |    8207 |    7614 |  48.1 |      27 |      10 |  27.0
     Lair:1 |    6051 |       0 |   0.0 |      27 |       0 |   0.0
     Lair:2 |    5211 |       0 |   0.0 |      23 |       0 |   0.0
     Lair:3 |    5342 |    3447 |  39.2 |      29 |       9 |  23.7
     Lair:4 |    2097 |     104 |   4.7 |      10 |       2 |  16.7
     Lair:5 |    7613 |    1141 |  13.0 |      24 |       2 |   7.7
     Lair:6 |   10408 |   11328 |  52.1 |      24 |      36 |  60.0
    Swamp:1 |    8741 |       0 |   0.0 |      22 |       0 |   0.0
    Swamp:2 |    6347 |    4549 |  41.7 |      15 |       7 |  31.8
    Swamp:3 |    4238 |    4663 |  52.4 |      14 |       6 |  30.0
    Swamp:4 |   18172 |   13681 |  43.0 |      34 |      20 |  37.0
      Orc:1 |    3224 |     789 |  19.7 |      27 |       1 |   3.6
      Orc:2 |    1911 |    7152 |  78.9 |      38 |      29 |  43.3
      Sewer |       0 |      67 | 100.0 |       0 |      25 | 100.0
      IceCv |       0 |    9873 | 100.0 |       0 |      36 | 100.0
   Gauntlet |       0 |    2380 | 100.0 |       0 |       6 | 100.0
            +---------+---------+-------+---------+---------+-------
